 Dungeon Crawl Stone Soup version 0.27-a0-972-gd1521fd518 (webtiles) character file.

Game seed: 8568843698473694285

158 Froggeryz the Shield-Bearer (level 5, -2/41 HPs)
             Began as a Formicid Fighter on Apr 14, 2021.
             Slain by Pikel
             ... wielding a +2 whip of flaming
              (7 damage)
             ... on level 4 of the Dungeon.
             The game lasted 00:03:40 (3664 turns).

Froggeryz the Shield-Bearer (Formicid Fighter)      Turns: 3664, Time: 00:03:41

Health: -2/41      AC:  6    Str: 20 (21) XL:     5   Next: 66%
Magic:  5/5        EV:  8    Int:  5 (8)  God:
Gold:   145        SH:  9    Dex:  9 (10) Spells: 4/4 levels left

rFire    . . .     SeeInvis +   a - +0 war axe
rCold    . . .     Faith    .   c - +0 kite shield
rNeg     + . .     Spirit   .   b - +0 scale mail
rPois    .         Reflect  .   (helmet unavailable)
rElec    .         Harm     .   (no cloak)
rCorr    .         Rampage  .   (no gloves)
Will     .....                  (no boots)
Stlth    ..........             (no amulet)
HPRegen  0.13/turn              h - ring of positive energy
MPRegen  0.09/turn              (no ring)

@: no status effects
A: permanent stasis, dig shafts and tunnels, antennae 3, four strong arms
a: Dig, Shaft Self


You were on level 4 of the Dungeon.
You visited 2 branches of the dungeon, and saw 5 of its levels.

You collected 145 gold pieces.

Inventory:

Hand Weapons
 a - a +0 war axe (weapon)
Missiles
 g - 7 javelins
 m - 5 poisoned darts (quivered)
Armour
 b - a +0 scale mail (worn)
 c - a +0 kite shield (worn)
Jewellery
 h - a ring of positive energy (left hand)
 l - a +4 ring of evasion
 n - a +6 ring of intelligence
Potions
 k - a potion of berserk rage {unknown}


   Skills:
 - Level 3.2 Fighting
 * Level 4.6 Axes
 - Level 3.2 Armour
 + Level 5.0 Shields


You had 4 spell levels left.
You didn't know any spells.
Your spell library was empty.

Dungeon Overview and Level Annotations

Branches:
Dungeon (4/15)             Temple (1/1) D:4

Altars:
Cheibriados
Gozag
Hepliaklqana
Kikubaaqudgha
Makhleb
Nemelex Xobeh
Qazlal
Vehumet
Wu Jian
Xom

Annotations:
D:4 Pikel


Innate Abilities, Weirdness & Mutations

You cannot be hasted, slowed, berserked, paralysed or teleported.
You can dig through walls and to a lower floor.
You have a pair of large antennae on your head. (SInv)
Your four strong arms can wield two-handed weapons with a shield.


Message History

You closely miss the kobold.
The kobold hits you with a +0 short sword of freezing.
The kobold freezes you.
You hit Pikel but do no damage. You block Pikel's attack.
You hit Pikel but do no damage.
Pikel hits you with a +2 whip of flaming!
Pikel burns you.
You hit Pikel.
Pikel is lightly wounded.
Pikel says, "You'll freeze in Cocytus!"
You block Pikel's attack.
Pikel hits you with a +2 whip of flaming.
Pikel burns you.
You are too injured to fight recklessly!
You feel very mighty all of a sudden. You block Pikel's attack.
You barely miss Pikel.
Pikel is lightly wounded.
Pikel hits you with a +2 whip of flaming!
* * * LOW HITPOINT WARNING * * *
Pikel burns you.
* * * LOW HITPOINT WARNING * * *
Unknown command.
It was a potion of cancellation.
Your magical effects are unravelling.
You feel magically purged.
You feel a little less mighty now. Pikel barely misses you.
It was a potion of haste.
Your stasis prevents you from being hasted.
Pikel hits you with a +2 whip of flaming.
* * * LOW HITPOINT WARNING * * *
Pikel burns you.
* * * LOW HITPOINT WARNING * * *
Unknown command.
It was a potion of degeneration.
There was something very wrong with that liquid.
You feel weakened.
You feel dopey.
You feel clumsy.
Pikel hits you with a +2 whip of flaming!
You die...

## # # # #### ### ## ...
#########.. ...##..
#.........)
#....{########..######..
#55.{{#@.......## ###
#5K#######.## +.K{# #.)#
#....# ##.# ## ......#
##.# ##. ....##.(###..#
#.. ###..# #...#.## #..#
##.. #....# #.# ##.
##...#####.#


You could see Pikel, a lemure and a kobold.

Vanquished Creatures
  An iguana (D:4)
  A hound skeleton (D:4)
  Robin (D:2)
  2 adders
  An adder skeleton (D:3)
  2 worms
  2 dart slugs
  3 orcs (D:3)
  14 ball pythons
  5 bats (D:2)
  3 endoplasms
  2 giant cockroaches
  18 goblins
  7 hobgoblins
  A frilled lizard (D:1)
  4 kobolds
  2 rats
69 creatures vanquished.

Notes
Turn   | Place    | Note
-------+----------+-------------------------------------------
     0 | D:1      | Froggeryz the Formicid Fighter began the quest for the Orb.
     0 | D:1      | Reached XP level 1. HP: 18/18 MP: 1/1
   443 | D:1      | Reached XP level 2. HP: 23/24 MP: 2/2
   611 | D:1      | Reached skill level 4 in Shields
  1202 | D:2      | Reached XP level 3. HP: 29/29 MP: 3/3
  1230 | D:2      | Found a faded altar of an unknown god.
  1804 | D:2      | Reached XP level 4. HP: 35/35 MP: 4/4
  2301 | D:3      | Found an ancient bone altar of Kikubaaqudgha.
  2307 | D:3      | Noticed Robin
  2638 | D:2      | Killed Robin
  2639 | D:2      | Reached XP level 5. HP: 24/41 MP: 5/5
  3433 | D:4      | Found a staircase to the Ecumenical Temple.
  3444 | Temple   | Entered the Ecumenical Temple
  3512 | D:4      | Reached skill level 5 in Shields
  3652 | D:4      | Noticed Pikel
  3652 | D:4      | Noticed a lemure
  3652 | D:4      | Noticed a lemure
  3652 | D:4      | Noticed a lemure
  3652 | D:4      | Noticed a lemure
  3664 | D:4      | Slain by Pikel

Illustrated notes

Levels and vault maps discovered:
D:1:      minmay_arrival_loop, layout_loops_ring
D:2:      minmay_diamond_boxcup, layout_basic,
          shapermc_ecumenical_altar_notcrosses
D:3:      layout_loops_corners, nicolae_kikubaaqudgha_miasma_corner, uniq_robin
D:4:      layout_layer_cave, old_standard_altar, zin_angel,
          kennysheep_mini_moat, minmay_temple_entry_mini_moons,
          gup_sewer_entry_glass, serial_shops, nicolae_shop_overgrown_old_shop,
          shop, kennysheep_mini, chequers_ossuary_entry_cave,
          uniq_blork_the_orc, uniq_pikel
Temple:   dpeg_three_leaves_temple

Skill      XL: |  1  2  3  4  5 |
---------------+----------------+-----
Shields        | 4 5 |  5.0
Axes           | 3 4 |  4.6
Fighting       | |  3.2
Armour         | |  3.2

Action                   |  1- 3 |  4- 6 || total
-------------------------+-------+-------++-------
Melee: War axe           |   108 |    89 ||   197
 Abil: Dig               |       |     5 ||     5
  Use: Scroll            |     2 |     2 ||     4
       Potion            |       |     4 ||     4
Armor: Scale mail        |    40 |    43 ||    83
Dodge: Dodged            |    33 |    26 ||    59
Block: Kite shield       |    68 |    59 ||   127

Table legend: (Time is in decaauts)
 A = Elapsed time spent in this place.
 B = Non-inter-level travel time spent in this place.
 C = Inter-level travel time spent in this place.
 D = Time resting spent in this place.
 E = Time spent auto-exploring this place.
 F = Levels seen in this place.
 G = Mean time per level.
                   A        B        C        D        E       F      G
               +--------+--------+--------+--------+--------+-----+--------+
         Total |   3775 |   3604 |    171 |    583 |   2244 |   5 |  755.0 |
       Dungeon |   3711 |   3540 |    171 |    583 |   2244 |   4 |  927.8 |
        Temple |     63 |     63 |      0 |      0 |      0 |   1 |   63.0 |
               +--------+--------+--------+--------+--------+-----+--------+

Top non-repeatable levels by time:
     D:1: 1211 daAuts
     D:2: 1179 daAuts
     D:3: 989 daAuts
     D:4: 331 daAuts
  Temple: 63 daAuts
